 Dungeon Crawl Stone Soup version 0.30-a0-414-gcb316572d5 (webtiles) character file.

Game seed: 2522024213140382624

41716 PimpSugar the Thaumaturge (level 13, -4/98 HPs)
             Began as a Demonspawn Hedge Wizard on Dec 7, 2022.
             Was a High Priest of Vehumet.
             Slain by a wyvern (12 damage)
             ... on level 5 of the Lair of Beasts.
             The game lasted 01:24:06 (16472 turns).

PimpSugar the Thaumaturge (DsHW)                   Turns: 16472, Time: 01:24:09

Health: -4/98      AC: 26    Str: 12    XL:     13   Next: 81%
Magic:  22/28      EV: 16    Int: 24    God:    Vehumet [*****.]
Gold:   840        SH:  5    Dex: 12    Spells: 11/34 levels left

rFire   . . .      SeeInvis .    I - +6 whip of Vaakor {spect, +Blink Int+2}
rCold   . . .      Faith    .    (no shield)
rNeg    . . .      Spirit   .    S - +1 acid dragon scales
rPois   +          Reflect  +    c - +0 hat
rElec   .          Harm     .    p - +2 cloak
rCorr   +          Rampage  .    K - +2 pair of gloves of the Villain {rPois Will+ Str+2}
Will    +....                    (boots unavailable)
Stlth   +.........               n - amulet of reflection
HPRegen 0.36/turn                Y - +4 ring of evasion
MPRegen 0.21/turn                A - ring of flight

@: about to teleport, marked, sanguine armoured, freezing walls, flying, hasted,
very quick
A: hooves 3, demonic guardian 1, spiny 1, sanguine armour 3
a: Renounce Religion, Evoke Blink


You were on level 5 of the Lair of Beasts.
You worshipped Vehumet.
Vehumet was extremely pleased with you.
You visited 2 branches of the dungeon, and saw 15 of its levels.

You collected 840 gold pieces.

Inventory:

Hand Weapons
 i - a +4 short sword of draining
 F - the +10 spear of Neurohof {flame, SInv}
   (You found it on level 4 of the Dungeon)

   It burns those it strikes, dealing additional fire damage.
   SInv:      It lets you see invisible.
 G - the +8 hand axe of Terra Cotta {drain, Will+ Dex+3}
   (You found it on level 9 of the Dungeon)

   A truly terrible weapon, it drains the life of any living foe it strikes.
   Dex:       It affects your dexterity (+3).
   Will:      It increases your willpower.
 I - the +6 whip of Vaakor (weapon) {spect, +Blink Int+2}
   (You found it on level 4 of the Dungeon)

   When its wielder attacks, the weapon's spirit leaps out and strikes again.
   The spirit shares a part of any damage it takes with its wielder.
   Int:       It affects your intelligence (+2).
   +Blink:    It lets you blink.
 J - a +2 dagger of speed
 N - a +5 quarterstaff of chaos
 Q - a +7 eveningstar
Missiles
 b - 7 boomerangs
 e - 107 stones
 q - 2 throwing nets
 t - 7 javelins
 H - 15 poisoned darts
Armour
 c - a +0 hat (worn)
 g - +0 pearl dragon scales
 p - a +2 cloak (worn)
 s - a +0 troll leather armour
 K - the +2 pair of gloves of the Villain (worn) {rPois Will+ Str+2}
   (You acquired it on level 2 of the Lair of Beasts)

   Str:       It affects your strength (+2).
   rPois:     It protects you from poison.
   Will:      It increases your willpower.
 S - +1 acid dragon scales (worn)
Jewellery
 n - an amulet of reflection (around neck)
 u - an amulet of regeneration
 y - a +4 ring of protection
 A - a ring of flight (right hand)
 E - a ring of magical power
 O - a ring of ice
 V - a ring of resist corrosion
 Y - a +4 ring of evasion (left hand)
Wands
 a - a wand of polymorph (22)
 j - a wand of roots (6)
 k - a wand of paralysis (11)
 r - a wand of mindburst (5)
 C - a wand of flame (40)
 U - a wand of digging (4)
Scrolls
 l - 2 scrolls of noise
 m - 7 scrolls of vulnerability
 v - a scroll of poison
 z - a scroll of identify
 B - a scroll of magic mapping
 R - 3 scrolls of teleportation
 T - 3 scrolls of fog
 W - a scroll of silence
Potions
 d - 3 potions of magic
 f - a potion of haste
 o - 3 potions of lignification
 w - 3 potions of cancellation
 x - 7 potions of brilliance
 D - 3 potions of mutation
 M - 3 potions of might
 P - a potion of invisibility
 Z - 3 potions of curing
Miscellaneous
 h - a phantom mirror (quivered)


   Skills:
 + Level 7.9 Fighting
 + Level 5.2 Armour
 + Level 3.1 Dodging
 - Level 1.7 Stealth
 * Level 11.0 Spellcasting
 + Level 8.0 Conjurations
 + Level 7.9 Hexes
 + Level 8.1 Summonings
 + Level 7.0 Translocations
 + Level 4.9 Ice Magic
 + Level 4.6 Earth Magic
 + Level 7.6 Evocations


You had 11 spell levels left.
You knew the following spells:

 Your Spells              Type           Power      Damage    Failure   Level
a - Magic Dart            Conj           100%       1d8       1%          1
b - Call Imp              Summ           51%        N/A       1%          2
c - Gell's Gravitas       Tloc           47%        N/A       1%          3
d - Slow                  Hex            100%       N/A       1%          1
e - Blink                 Tloc           94%        N/A       1%          2
f - Frozen Ramparts       Ice            72%        1d11      1%          3
g - Summon Ice Beast      Ice/Summ       44%        N/A       4%          4
h - Sandblast             Erth           70%        2d15      1%          1
i - Searing Ray           Conj           100%       2d8       1%          2
j - Momentum Strike       Conj/Tloc      98%        3d10      1%          2
k - Poisonous Vapours     Pois/Air       26%        N/A       3%          2

Your spell library contained the following spells:

 Spells                   Type           Power      Damage    Failure   Level
 Sticky Flame             Conj/Fire      32%        2d5       3%          4
 Lesser Beckoning         Tloc           94%        N/A       1%          3
 Mephitic Cloud           Conj/Pois/Air  26%        N/A       1%          3
 Teleport Other           Tloc           47%        N/A       1%          3
 Sting                    Tmut/Pois      52%        1d5       7%          1
 Summon Mana Viper        Hex/Summ       51%        N/A       7%          5
 Summon Forest            Summ/Tloc      24%        N/A       9%          5
 Cigotuvi's Dreadful Rot  Necr/Pois/Air  26%        N/A       11%         2
 Olgreb's Toxic Radiance  Pois           13%        N/A       17%         4
 Summon Cactus Giant      Summ           25%        N/A       36%         6
 Animate Dead             Necr           13%        N/A       56%         4
 Borgnjor's Vile Clutch   Necr/Erth      12%        N/A       58%         5
 Monstrous Menagerie      Summ           25%        N/A       91%         7
 Death Channel            Necr           6%         N/A       100%        6


Dungeon Overview and Level Annotations

Branches:
Dungeon (10/15)            Temple (0/1) D:7            Lair (5/5) D:10
 Shoals (0/4) Lair:2        Snake (0/4) Lair:3        Slime (0/5) Lair:4
    Orc: D:9-12

Altars:
Dithmenos
Fedhas
Hepliaklqana
Kikubaaqudgha
Makhleb
Nemelex Xobeh
Ru
Sif Muna
Trog
Vehumet
Yredelemnul

Shops:
D:4 :

Annotations:
D:5 2 transporters
D:10 3 runed translucent doors, themarg's ghost, journeyman DrCj


Innate Abilities, Weirdness & Mutations

You have hooves in place of feet.
A weak demonic guardian rushes to your aid.
You are partially covered in sharp spines.
When seriously injured, your blood forms very thick armour. (AC +12)


Message History

As you read the scroll of teleportation, it crumbles to dust.
You feel strangely unstable.
A black mamba comes into view.
The wall freezes the wyvern. x2; The wyvern barely misses you.
The wall freezes the wyvern.
The wyvern barely misses your ufetubus.
The wall freezes the cane toad.
The cane toad seems to slow down.
The wall freezes the blink frog.
The blink frog misses you.
The rime drake resists.
The wall freezes the rime drake.
The rime drake is struck by your spines.
You kill the rime drake!
Vehumet accepts your kill.
You feel your power returning.
A cane toad comes into view.
Your ufetubus hits the wyvern but does no damage. x2
You whack the seven-headed hydra! You kick the seven-headed hydra.
You kill the seven-headed hydra!
Vehumet accepts your kill.
You feel your power returning.
The wall freezes the black mamba.
The black mamba seems to slow down.
The wall freezes the wyvern but does no damage. x2
The wyvern bites your ufetubus!
Your ufetubus dies!
Your ufetubus disappears in a puff of smoke!
The wall freezes the wyvern but does no damage.
The wall freezes the cane toad.
The cane toad seems to slow down.
The wall freezes the black mamba but does no damage.
A wyvern comes into view.
The wall freezes the wyvern.
You kill the wyvern!
Vehumet accepts your kill.
You feel your power returning.
Your Conjurations skill increases to level 8!
You whack the wyvern!
The wyvern is heavily wounded.
Your +6 whip of Vaakor {spect, +Blink Int+2} barely misses the wyvern.
The wall freezes the wyvern.
The wyvern is struck by your spines.
You kill the wyvern!
Vehumet accepts your kill.
The wall freezes the wyvern.
The wyvern bites you!
You die...

......... #...?
#........
..F.###........
#..k##..........
SlF##..†........
##lS##...†........
#yF##....†.†......
##†##.....###††....
###(@#....###.P.†#...
#..Fl†l.###...PP.....
#.Y..#S###....P..##P..
F...P..###.......#.#PP..
......} ......#...[...
###.... #............
##..# ###......#... ###
..###........
....###....#.


You could see 2 komodo dragons, a black mamba (slow), 3 cane toads, 2 blink
frogs, a rime drake, a hornet, 2 water moccasins, 2 wyverns, a friendly ice
beast (summoned) and a friendly +6 whip of Vaakor {spect, +Blink Int+2}
(summoned).

Vanquished Creatures
  Kirke (Lair:5)
  A boulder beetle (Lair:4)
  Harold (Lair:2)
  4 hydras
  4 two-headed ogres
  Urug (Lair:1)
  A deep troll (Lair:1)
  A lindwurm (Lair:5)
  A cyclops (D:8)
  A wolf spider (Lair:5)
  8 centaur zombies (D:10)
  4 black mambas
  2 torpor snails
  A guardian serpent (Lair:5)
  8 cane toads
  A gargoyle (D:10)
  10 komodo dragons
  An unseen horror zombie (D:10)
  2 rime drakes
  A troll (D:9)
  2 hornets
  2 polar bears
  11 blink frogs
  A snapping turtle (Lair:2)
  Sigmund (D:4)
  12 wyverns
  49 yaks
  2 wraiths
  Eustachio (D:5)
  2 steam dragons
  4 redbacks (Lair:5)
  3 hogs (Lair:5)
  Edmund (D:4)
  A naga (Lair:3)
  An acid dragon (D:8)
  14 water moccasins
  Pargi (D:4)
  An ice beast (D:7)
  4 black bears
  2 orc warriors
  2 ogres (D:5)
  2 phantoms
  11 bullfrogs
  3 scorpions
  2 necrophages
  3 wights (D:8)
  3 killer bees (D:8)
  4 howler monkeys
  A bullfrog zombie (D:3)
  A centaur skeleton (D:3)
  2 jellies
  A gnoll bouda (D:7)
  2 orc priests
  Crazy Yiuf (D:5)
  4 hounds
  2 iguanas
  8 orc wizards
  Terence (D:3)
  2 howler monkey zombies (D:10)
  2 gnolls (D:4)
  12 adders
  A shadow imp (D:6)
  A white imp (D:5)
  3 worms
  2 dart slugs (D:2)
  20 orcs
  7 ball pythons
  12 bats
  7 endoplasms
  2 giant cockroaches (D:1)
  12 hobgoblins
  8 jackals
  4 quokkas
  6 frilled lizards
  6 goblins
  7 kobolds
  6 rats
342 creatures vanquished.

Vanquished Creatures (collateral kills)
  The ghost of Dordric the Trooper, an amateur OgBe of Trog (D:3)
  2 komodo dragons
  3 blink frogs
  A wyvern (Lair:5)
  10 yaks
  A basilisk (Lair:1)
  A water moccasin (D:7)
  A bullfrog (D:8)
  A scorpion (D:4)
  An orc wizard (D:8)
  A gnoll (D:4)
  A dart slug (D:1)
  An orc (D:6)
  A goblin (D:4)
26 creatures vanquished.

Vanquished Creatures (others)
  A human (Lair:5)
  21 fungi
  37 plants
59 creatures vanquished.

Grand Total: 427 creatures vanquished

Notes
Turn   | Place    | Note
-------+----------+-------------------------------------------
     0 | D:1      | PimpSugar the Demonspawn Hedge Wizard began the quest for
                  | the Orb.
     0 | D:1      | Reached XP level 1. HP: 13/13 MP: 4/4
   205 | D:1      | Gained mutation: When seriously injured, your blood forms
                  | armour. (AC +12) [demonic ancestry]
   205 | D:1      | Reached XP level 2. HP: 15/20 MP: 0/6
   376 | D:1      | Learned a level 2 spell: Call Imp
   502 | D:1      | Reached skill level 1 in Fighting
   953 | D:1      | Gained mutation: You have large cloven feet. [demonic
                  | ancestry]
   953 | D:1      | Reached XP level 3. HP: 21/26 MP: 1/8
  2334 | D:3      | Noticed Terence
  2346 | D:3      | Killed Terence
  2347 | D:3      | Reached skill level 4 in Spellcasting
  2347 | D:3      | Reached XP level 4. HP: 13/32 MP: 10/10
  2349 | D:3      | Learned a level 1 spell: Slow
  2661 | D:3      | Reached skill level 1 in Translocations
  3087 | D:3      | Found a hazy altar of Hepliaklqana.
  3090 | D:3      | Found a radiant altar of Vehumet.
  3099 | D:3      | Found a runed translucent gate.
  3099 | D:3      | Found a runed translucent gate.
  3101 | D:3      | Found a runed translucent gate.
  3104 | D:3      | Became a worshipper of Vehumet
  3111 | D:3      | Noticed Dordric's ghost (amateur OgBe)
  3153 | D:3      | Gained mutation: A weak demonic guardian rushes to your
                  | aid. [demonic ancestry]
  3153 | D:3      | Reached XP level 5. HP: 36/38 MP: 11/11
  3433 | D:3      | Killed Dordric's ghost
  3434 | D:3      | Reached skill level 1 in Hexes
  3434 | D:3      | Reached skill level 1 in Evocations
  3434 | D:3      | Gained mutation: When seriously injured, your blood forms
                  | thick armour. (AC +12) [demonic ancestry]
  3434 | D:3      | Reached XP level 6. HP: 30/46 MP: 10/13
  3541 | D:4      | Noticed Pargi
  3557 | D:4      | Noticed a yak
  3557 | D:4      | Noticed a yak
  3559 | D:4      | Noticed a yak
  3561 | D:4      | Reached skill level 5 in Spellcasting
  3562 | D:4      | Killed Pargi
  3563 | D:4      | Gained mutation: You are partially covered in sharp spines.
                  | [demonic ancestry]
  3563 | D:4      | Reached XP level 7. HP: 44/51 MP: 9/14
  3571 | D:4      | Killed a yak
  3571 | D:4      | Reached * piety under Vehumet
  3571 | D:4      | Offered knowledge of Kiss of Death by Vehumet.
  3583 | D:4      | Killed a yak
  3588 | D:4      | Killed a yak
  3589 | D:4      | Gained mutation: You have hoof-like feet. [demonic
                  | ancestry]
  3589 | D:4      | Reached XP level 8. HP: 24/58 MP: 9/16
  3595 | D:4      | Learned a level 3 spell: Gell's Gravitas
  3756 | D:4      | Reached skill level 6 in Spellcasting
  3855 | D:4      | Found Doilamm's Book Emporium.
  3966 | D:4      | Identified the +10 spear of Neurohof {flame, SInv}
  4064 | D:4      | Learned a level 2 spell: Blink
  4145 | D:4      | Offered knowledge of Searing Ray by Vehumet.
  4160 | D:4      | Identified the +6 whip of Vaakor {spect, +Blink Int+2}
  4189 | D:4      | Reached ** piety under Vehumet
  4323 | D:4      | Noticed Sigmund
  4324 | D:4      | Noticed Edmund
  4331 | D:4      | Killed Edmund
  4333 | D:4      | Killed Sigmund
  4547 | D:4      | Learned a level 2 spell: Searing Ray
  5035 | D:5      | Entered Level 5 of the Dungeon
  5063 | D:5      | Gained mutation: You have hooves in place of feet. [demonic
                  | ancestry]
  5063 | D:5      | Reached XP level 9. HP: 65/65 MP: 18/18
  5110 | D:5      | Noticed Eustachio
  5145 | D:5      | Killed Eustachio
  5176 | D:5      | Found a transporter.
  5181 | D:5      | Found a transporter.
  5186 | D:5      | Found a shadowy altar of Dithmenos.
  5322 | D:5      | Found a burning altar of Makhleb.
  5343 | D:5      | Reached skill level 7 in Spellcasting
  5771 | D:5      | Found a runed translucent door.
  5772 | D:5      | Noticed Crazy Yiuf
  5779 | D:5      | Killed Crazy Yiuf
  6159 | D:6      | Found an ancient bone altar of Kikubaaqudgha.
  6422 | D:6      | Found a sparkling altar of Nemelex Xobeh.
  6867 | D:7      | Reached skill level 5 in Summonings
  6908 | D:7      | Noticed a two-headed ogre
  6921 | D:7      | Killed a two-headed ogre
  7138 | D:7      | Reached skill level 5 in Conjurations
  7142 | D:7      | Gained mutation: When seriously injured, your blood forms
                  | very thick armour. (AC +12) [demonic ancestry]
  7142 | D:7      | Reached XP level 10. HP: 56/73 MP: 21/21
  7239 | D:7      | Reached skill level 5 in Fighting
  7359 | D:7      | Found a staircase to the Ecumenical Temple.
  7743 | D:8      | Noticed a cyclops
  7784 | D:8      | Killed a cyclops
  7813 | D:8      | Reached skill level 8 in Spellcasting
  7825 | D:8      | Offered knowledge of Momentum Strike by Vehumet.
  7827 | D:8      | Reached skill level 1 in Armour
  8010 | D:8      | Reached skill level 5 in Hexes
  8108 | D:8      | Reached *** piety under Vehumet
  8117 | D:8      | Learned a level 2 spell: Momentum Strike
  8308 | D:8      | Found a shimmering blue altar of Sif Muna.
  8320 | D:8      | Got Sif Muna's Papyrus of Glamour
  8324 | D:8      | Got Sif Muna's Codex of Earth
  8328 | D:8      | Got Sif Muna's Grimoire of the Quarry
  8336 | D:8      | Learned a level 1 spell: Sandblast
  8570 | D:9      | Found a blossoming altar of Fedhas.
  8596 | D:9      | Reached skill level 5 in Evocations
  8923 | D:9      | Offered knowledge of Frozen Ramparts by Vehumet.
  8924 | D:9      | Reached skill level 5 in Translocations
  8928 | D:9      | Learned a level 3 spell: Frozen Ramparts
  9006 | D:9      | Found a bloodstained altar of Trog.
  9106 | D:9      | Identified the +8 hand axe of Terra Cotta {drain, Will+
                  | Dex+3}
  9144 | D:9      | Noticed a two-headed ogre
  9161 | D:9      | HP: 2/114 [two-headed ogre/+0 giant club (11)]
  9167 | D:9      | Reached XP level 11. HP: 20/81 MP: 23/23
  9170 | D:9      | Killed a two-headed ogre
  9170 | D:9      | HP: 6/121 [yak (6)]
  9171 | D:9      | Reached skill level 1 in Ice Magic
  9171 | D:9      | Reached skill level 1 in Earth Magic
  9510 | D:10     | Entered Level 10 of the Dungeon
  9512 | D:10     | Found a sacrificial altar of Ru.
  9583 | D:10     | Found a basalt altar of Yredelemnul.
  9622 | D:10     | Reached skill level 9 in Spellcasting
 10031 | D:10     | Found a runed translucent gate.
 10032 | D:10     | Found a runed translucent gate.
 10032 | D:10     | Found a runed translucent gate.
 10035 | D:10     | Noticed themarg's ghost (journeyman DrCj)
 10116 | D:10     | Reached **** piety under Vehumet
 10139 | D:10     | Offered knowledge of Ignite Poison by Vehumet.
 10627 | D:10     | Found a staircase to the Lair.
 10632 | D:10     | Noticed a two-headed ogre
 10633 | D:10     | Noticed a two-headed ogre
 10641 | D:10     | Killed a two-headed ogre
 10654 | D:10     | Killed a two-headed ogre
 10655 | D:10     | Reached XP level 12. HP: 22/89 MP: 25/25
 10864 | D:10     | Learned a level 4 spell: Summon Ice Beast
 10866 | Lair:1   | Entered Level 1 of the Lair of Beasts
 11127 | Lair:1   | Noticed Urug
 11138 | Lair:1   | Killed Urug
 11987 | Lair:2   | Found a staircase to the Shoals.
 12065 | Lair:2   | Reached skill level 10 in Spellcasting
 12283 | Lair:2   | Noticed an eight-headed hydra
 12287 | Lair:2   | Noticed Harold
 12296 | Lair:2   | Killed an eight-headed hydra
 12299 | Lair:2   | Killed Harold
 12653 | Lair:2   | Identified a scroll of acquirement
 12664 | Lair:2   | Acquired the +2 pair of gloves of the Villain {rPois Will+
                  | Str+2}
 13694 | Lair:3   | Found a staircase to the Snake Pit.
 13906 | Lair:3   | Reached XP level 13. HP: 67/96 MP: 18/27
 14137 | Lair:3   | Reached ***** piety under Vehumet
 14846 | Lair:4   | Found a staircase to the Slime Pits.
 15021 | Lair:4   | Offered knowledge of Sticky Flame by Vehumet.
 15633 | Lair:4   | Learned a level 2 spell: Poisonous Vapours
 16181 | Lair:5   | Entered Level 5 of the Lair of Beasts
 16355 | Lair:5   | Noticed Kirke
 16369 | Lair:5   | Killed Kirke
 16370 | Lair:5   | Reached skill level 5 in Armour
 16459 | Lair:5   | Reached skill level 11 in Spellcasting
 16472 | Lair:5   | Slain by a wyvern

Illustrated notes

Levels and vault maps discovered:
D:1:      saegor_arrival_simple_c, layout_basic, hex_tiny
D:2:      cheibrodos_old_hovel, layout_basic, kennysheep_generic_room_10
D:3:      layout_basic, chequers_temple_overflow_statue_of_worship,
          gammafunk_ghost_necromancy, minmay_vboxes, uniq_terence
D:4:      layout_cave_pools, serial_shops, shop, serial_park,
          serial_park_square3 [serial_park_minivault_5x5_7], serial_park_paths
          [serial_park_minivault_5x5_7], serial_park_tiny_1, serial_park_gazebo
          [serial_park_minivault_5x5_3], hangedman_abyss_or_decor_stabs,
          sigmund_edmund_badplayer, uniq_pargi
D:5:      layout_basic, mainiacjoe_overflow_boulevard,
          gammafunk_temple_overflow_arena,
          nicolae_concentric_dashed_squares_mild, uniq_eustachio,
          uniq_crazy_yiuf_cottage
D:6:      layout_basic, lemuel_doored_altar, lemuel_crystal_altar,
          mainiacjoe_overflow_six_doors_small, uniq_sigmund
D:7:      layout_loops_ring, lemuel_crystal_altar,
          minmay_temple_entry_mini_moons, dreamdust_gnoll_shepherd
D:8:      layout_cave_pools, nicolae_sif_muna_little_library
D:9:      layout_long_grid, fedhas_altar_2, mainiacjoe_overflow_24_doors
D:10:     layout_rooms, nicolae_yredelemnul_corpse_copse,
          nicolae_ru_awakened_eye, kennysheep_little_box, lair_entry_dummy,
          ebering_ghost_rock_garden, minmay_misc_feat_secret_circle
Lair:1:   dreamdust_cave_troll, layout_big_grid, gauntlet_entry_generic,
          small_statue_intersection, chequers_serial_rivers_large_b, uniq_urug
Lair:2:   layout_roguey, minmay_shoals_entry_hut, grunt_megastairs_4,
          uniq_harold
Lair:3:   layout_gridlike, guppyfry_snake_entry_island
Lair:4:   layout_regular_city, slime_entry_1
Lair:5:   hangedman_lair_tendril_chambers, layout_cave_pods,
          guppyfry_lair_end_dragon, minivault_26, uniq_kirke

Skill      XL: |  1  2  3  4  5  6  7  8  9 10 11 12 13 |
---------------+----------------------------------------+-----
Fighting       | 1 2 3 4 5 6 7 |  7.9
Spellcasting   | 4 5 6 7 8 9 10 11 | 11.0
Translocations | 1 2 3 4 5 6 7 |  7.0
Summonings     | 2 3 4 5 6 7 8 |  8.1
Conjurations   | 2 3 4 5 6 7 8 |  8.0
Hexes          | 1 2 3 4 5 6 7 |  7.9
Evocations     | 1 2 3 4 5 6 7 |  7.6
Armour         | 2 3 4 5 |  5.2
Ice Magic      | 2 3 4 |  4.9
Earth Magic    | 2 3 4 |  4.6
Dodging        | 3 |  3.1
Stealth        | |  1.7

Action                   |  1- 3 |  4- 6 |  7- 9 | 10-12 | 13-15 || total
-------------------------+-------+-------+-------+-------+-------++-------
Melee: Dagger            |    22 |       |       |       |       ||    22
       Short sword       |    72 |    68 |    58 |       |       ||   198
       Kick              |     8 |    14 |    64 |   176 |    50 ||   312
       Punch             |     1 |     2 |     6 |    10 |     1 ||    20
       Whip              |       |       |   107 |   407 |   135 ||   649
 Cast: Magic Dart        |    58 |    21 |    14 |    49 |    40 ||   182
       Call Imp          |     4 |     2 |     8 |    14 |     7 ||    35
       Slow              |       |     4 |     6 |    17 |    10 ||    37
       Gell's Gravitas   |       |       |     6 |    18 |    21 ||    45
       Summon Ice Beast  |       |       |       |    12 |    17 ||    29
       Frozen Ramparts   |       |       |       |    10 |    14 ||    24
Evoke: Wand              |       |     1 |       |     1 |       ||     2
  Use: Scroll            |     4 |     8 |     9 |    11 |     1 ||    33
       Potion            |       |     2 |     4 |     8 |     7 ||    21
 Stab: Distracted        |       |     1 |       |     5 |     3 ||     9
Armor: Robe              |    41 |    32 |    31 |       |       ||   104
       Pearl dragon scal |       |       |    49 |    36 |       ||    85
       Acid dragon scale |       |       |       |   122 |    74 ||   196
       Skin              |       |       |       |    17 |       ||    17
Dodge: Dodged            |   102 |    60 |    64 |   256 |   140 ||   622
Block: Other             |    11 |    21 |    41 |    92 |    42 ||   207
       Reflection        |       |       |     1 |     1 |       ||     2

Table legend: (Time is in decaauts)
 A = Elapsed time spent in this place.
 B = Non-inter-level travel time spent in this place.
 C = Inter-level travel time spent in this place.
 D = Time resting spent in this place.
 E = Time spent auto-exploring this place.
 F = Levels seen in this place.
 G = Mean time per level.
                   A        B        C        D        E       F      G
               +--------+--------+--------+--------+--------+-----+--------+
         Total |  16564 |  15473 |   1091 |   1766 |   9589 |  15 | 1104.3 |
       Dungeon |  10909 |  10297 |    612 |   1241 |   6214 |  10 | 1090.9 |
          Lair |   5655 |   5176 |    479 |    525 |   3375 |   5 | 1131.0 |
               +--------+--------+--------+--------+--------+-----+--------+

Top non-repeatable levels by time:
  Lair:3: 1559 daAuts
     D:4: 1523 daAuts
  Lair:4: 1489 daAuts
    D:10: 1376 daAuts
     D:2: 1235 daAuts
  Lair:2: 1203 daAuts
     D:3: 1177 daAuts
     D:9: 1109 daAuts
  Lair:1: 1107 daAuts
     D:1: 1096 daAuts
     D:5: 958 daAuts
     D:6: 866 daAuts
     D:7: 789 daAuts
     D:8: 776 daAuts
  Lair:5: 295 daAuts
